 Seeded DCSS version 0.28.0-43-g3370ac3207 (webtiles) character file.

Game seed: 20220323 (custom seed)

2899 sanboga the Chopper (level 9, -6/57 HPs)
             Began as a Gargoyle Fighter on Mar 23, 2022.
             Was an Initiate of Trog.
             Killed by divine providence
             ... invoked by an orc priest
              (12 damage)
             ... on level 7 of the Dungeon.
             The game lasted 00:10:24 (5472 turns).

sanboga the Chopper (Gargoyle Fighter)              Turns: 5472, Time: 00:10:25

Health: -6/57      AC: 22    Str: 24    XL:     9   Next: 77%
Magic:  9/9        EV: 11    Int:  9    God:    Trog [......]
Gold:   292        SH:  9    Dex:  9    Spells: 8/8 levels left

rFire   . . .      SeeInvis .   a - +1 war axe
rCold   . . .      Faith    .   s - +0 kite shield
rNeg    + . .      Spirit   .   i - +2 chain mail
rPois   ∞          Reflect  .   f - +1 helmet
rElec   +          Harm     .   d - scarf {repulsion}
rCorr   +          Rampage  .   o - +0 pair of gloves
Will    .....                   (no boots)
Stlth   ..........              m - amulet of regeneration
HPRegen 0.99/turn               l - ring of resist corrosion
MPRegen 0.11/turn               q - +4 ring of evasion

@: hasted, repel missiles, very quick
A: sickness immunity, AC +6, negative energy resistance 1, electricity
resistance, torment resistance 1, petrification resistance
a: Renounce Religion


You were on level 7 of the Dungeon.
You worshipped Trog.
Trog was noncommittal.
You visited 2 branches of the dungeon, and saw 8 of its levels.

You collected 292 gold pieces.

Inventory:

Hand Weapons
 a - a +1 war axe (weapon)
Armour
 c - a +0 cloak
 d - a scarf of repulsion (worn)
 f - a +1 helmet (worn)
 i - a +2 chain mail (worn)
 o - a +0 pair of gloves (worn)
 s - a +0 kite shield (worn)
Jewellery
 l - a ring of resist corrosion (left hand)
 m - an amulet of regeneration (around neck)
 q - a +4 ring of evasion (right hand)
Wands
 b - a wand of polymorph (5)
 h - a wand of mindburst (16)
 p - a wand of iceblast (3)
Scrolls
 e - 4 scrolls of teleportation
 j - a scroll of enchant weapon
 n - a scroll of identify
 t - a scroll of blinking
 v - a scroll of fear
 w - a scroll of fog
Potions
 k - a potion of flight
 r - a potion of might
 u - a potion of mutation


   Skills:
 + Level 7.2 Fighting
 * Level 7.9 Axes
 + Level 7.2 Armour
 + Level 7.2 Shields


You had 8 spell levels left.
You didn't know any spells.
Your spell library was empty.

Dungeon Overview and Level Annotations

Branches:
Dungeon (7/15)             Temple (1/1) D:6

Altars:
Ashenzari
Cheibriados
Dithmenos
Elyvilon
Fedhas
Gozag
Hepliaklqana
Kikubaaqudgha
Makhleb
Nemelex Xobeh
Okawaru
Qazlal
Ru
Sif Muna
Trog
Vehumet
Wu Jian
Xom
Zin
The Shining One
Beogh

Annotations:
D:4 2 runed translucent doors, issech's ghost, amateur TrMo


Innate Abilities, Weirdness & Mutations

You are immune to sickness and miasma.
Your stone body is resilient. (AC +6)
You are immune to poison.
You resist negative energy. (rN+)
You are resistant to electric shocks. (rElec)
You are resistant to unholy torment.
You are immune to petrification.


Message History

The orc priest hits you but does no damage.
You closely miss the orc priest.
The orc priest is severely wounded.
The orc warrior closely misses you.
The orc priest hits you but does no damage.
The orc warrior misses you.
You slash the orc priest!
You kill the orc priest!
Trog accepts your kill.
You hit the orc priest but do no damage.
You block the orc priest's attack. The orc warrior closely misses you.
You completely miss the orc priest.
The orc priest invokes the aid of Beogh against you.
Pain shoots through your body!
The orc warrior hits you from afar with a +0 trident!
The orc priest hits you with a +0 hand axe.
* * * LOW HITPOINT WARNING * * *
You are too injured to fight recklessly!
You are too injured to fight recklessly!
You are too injured to fight recklessly!
You are too injured to fight recklessly!
You are too injured to fight recklessly!
You are too injured to fight recklessly!
You closely miss the orc priest. The orc warrior barely misses you.
The orc priest calls down the wrath of Beogh upon you.
Beogh smites you!
* * * LOW HITPOINT WARNING * * *
You slash the orc priest!
The orc priest is severely wounded.
The orc warrior barely misses you.
The orc priest calls down the wrath of Beogh upon you.
Beogh smites you!
* * * LOW HITPOINT WARNING * * *
You block the orc warrior's attack.
You feel yourself speed up. The orc priest closely misses you.
The orc warrior barely misses you.
The orc priest begins to cast a cantrip, but forgets the words!
The orc priest mumbles some strange prayers to Beogh against you.
Beogh smites you!
You die...

....# #).#
#.o# ##o#
##.# #..#
#..# #..#
#@.####^##
#.........
#.########
#.....#
#[....#
#.##.
#.....#
..#.
#.....#
#.#.
#.....#
...
#.....###
#..


You could see an orc warrior and an orc priest.

Vanquished Creatures
  A death drake (Temple)
  A cane toad (D:5)
  The ghost of Woods the Insei, a novice GnTm (D:5)
  Prince Ribbit (D:6)
  A wyvern (Temple)
  Duvessa (D:6)
  Edmund (D:6)
  An orc warrior (D:6)
  2 ice beasts (D:5)
  An ogre (D:5)
  Blork the orc (D:3)
  A kobold brigand (Temple)
  A bullfrog (D:6)
  A scorpion (D:4)
  Dowan (D:6)
  A killer bee (D:5)
  3 hounds
  A gnoll shaman (D:6)
  4 orc priests
  A bullfrog skeleton (D:5)
  Terence (D:2)
  2 iguanas (D:5)
  A hound skeleton (D:5)
  Robin (D:2)
  3 adders
  3 gnolls (D:6)
  A white imp (D:6)
  An ufetubus (D:4)
  An adder skeleton (D:4)
  A worm (D:4)
  2 dart slugs
  16 orcs
  4 bats
  8 endoplasms
  2 giant cockroaches
  13 goblins
  11 hobgoblins
  2 jackals (D:2)
  4 kobolds
  5 quokkas
  7 ball pythons
  2 frilled lizards (D:3)
  6 rats
123 creatures vanquished.

Notes
Turn   | Place    | Note
-------+----------+-------------------------------------------
     0 | D:1      | sanboga the Gargoyle Fighter began the quest for the Orb.
     0 | D:1      | Reached XP level 1. HP: 14/14 MP: 1/1
   161 | D:1      | Reached XP level 2. HP: 19/19 MP: 2/2
   651 | D:1      | Reached XP level 3. HP: 11/23 MP: 3/3
  1026 | D:2      | Noticed Robin
  1032 | D:2      | Noticed Terence
  1037 | D:2      | Killed Robin
  1038 | D:2      | Reached XP level 4. HP: 24/29 MP: 4/4
  1042 | D:2      | Killed Terence
  1782 | D:3      | Reached XP level 5. HP: 29/33 MP: 5/5
  1884 | D:3      | Found a blossoming altar of Fedhas.
  1922 | D:3      | Found a faded altar of an unknown god.
  2135 | D:3      | Identified the +1 scale mail "Faotwop" {rElec}
  2268 | D:4      | Noticed Blork the orc
  2286 | D:3      | Killed Blork the orc
  2520 | D:4      | Reached XP level 6. HP: 36/38 MP: 6/6
  2663 | D:4      | Found a large runed translucent door.
  2663 | D:4      | Found a large runed translucent door.
  2900 | D:4      | Noticed issech's ghost (amateur TrMo)
  3300 | D:5      | Entered Level 5 of the Dungeon
  3531 | D:5      | Found a runed translucent gate.
  3531 | D:5      | Found a runed translucent gate.
  3532 | D:5      | Found a runed translucent gate.
  3533 | D:5      | Noticed Woods's ghost (novice GnTm)
  3535 | D:5      | Identified the +5 spear "Byom" {elec, *Slow Fly rPois
                  | Dex+7}
  3635 | D:5      | Noticed an ice beast
  3646 | D:5      | Reached XP level 7. HP: 22/44 MP: 7/7
  3651 | D:5      | Reached skill level 5 in Armour
  3931 | D:5      | Noticed a troll
  3939 | D:5      | Reached skill level 5 in Shields
  3967 | D:5      | Reached skill level 5 in Fighting
  3982 | D:5      | Reached skill level 5 in Axes
  4066 | D:5      | Noticed a cane toad
  4066 | D:5      | a troll changed into a cane toad
  4089 | D:5      | Killed a cane toad
  4090 | D:5      | Reached XP level 8. HP: 33/50 MP: 8/8
  4308 | D:5      | Killed Woods's ghost
  4450 | D:6      | Noticed Duvessa
  4450 | D:6      | Noticed Dowan
  4472 | D:6      | Killed Duvessa
  4523 | D:6      | Killed Dowan
  4595 | D:6      | Noticed Edmund
  4614 | D:6      | Killed Edmund
  4615 | D:6      | Reached XP level 9. HP: 50/56 MP: 9/9
  4759 | D:6      | Found a hazy altar of Hepliaklqana.
  4845 | D:6      | Noticed Prince Ribbit
  4876 | D:6      | Killed Prince Ribbit
  5074 | D:6      | Found a staircase to the Ecumenical Temple.
  5082 | D:6      | Noticed a cyclops
  5090 | Temple   | Entered the Ecumenical Temple
  5208 | Temple   | Became a worshipper of Trog the Wrathful
  5222 | D:6      | Noticed a death drake
  5222 | D:6      | a cyclops changed into a death drake
  5262 | Temple   | Killed a death drake
  5465 | D:7      | HP: 1/57 [orc priest/divine providence (7)]
  5472 | D:7      | Killed from afar by an orc priest

Illustrated notes

Levels and vault maps discovered:
D:1:      lemuel_arrival_muddy, layout_rooms
D:2:      layout_rooms, bh_walls_and_bars, uniq_robin, uniq_terence
D:3:      layout_basic, fedhas_altar_2, chequers_ecumenical_altar_island
D:4:      layout_basic, ebering_ghost_disaster_area, uniq_blork_the_orc
D:5:      kennysheep_big_flooded_room, layout_basic, biasface_ghost_orc_armoury
D:6:      minmay_cornered_nines, layout_cave_pools,
          mainiacjoe_overflow_alcove_2, minmay_temple_entry_stoned_glass,
          minmay_misc_feat_hallway, amcnicky_mini_pool_small,
          grunt_decor_resistance, minmay_misc_feat_pillars, uniq_duvessa,
          uniq_prince_ribbit1, uniq_edmund
D:7:      layout_basic, lemuel_tele_altar, kennysheep_generic_room_3
Temple:   mainiacjoe_temple_coin_purse

Skill      XL: |  1  2  3  4  5  6  7  8  9 |
---------------+----------------------------+-----
Axes           | 2 3 4 5 6 7 |  7.9
Armour         | 4 5 6 7 |  7.2
Shields        | 4 5 6 7 |  7.2
Fighting       | 4 5 6 7 |  7.2

Action                   |  1- 3 |  4- 6 |  7- 9 || total
-------------------------+-------+-------+-------++-------
Melee: War axe           |    86 |   120 |   251 ||   457
       Unarmed           |       |     5 |       ||     5
Evoke: Wand              |       |       |     7 ||     7
  Use: Scroll            |     4 |     2 |     6 ||    12
       Potion            |     1 |       |     7 ||     8
Armor: Scale mail        |    44 |       |       ||    44
       Chain mail        |     9 |    79 |   166 ||   254
       Skin              |       |     2 |       ||     2
Dodge: Dodged            |    53 |    62 |   140 ||   255
       Repelled          |       |       |     2 ||     2
Block: Buckler           |    24 |    20 |       ||    44
       Kite shield       |       |    19 |   162 ||   181
